 Dungeon Crawl Stone Soup version 0.29.0-4-gdea44cf6ec (webtiles) character file.

Game seed: 5118063026072371863

6 qw the Sneak (level 1, 0/15 HPs)
             Began as a Ghoul Enchanter on Sept 6, 2022.
             Slain by a bat (1 damage)
             ... on level 1 of the Dungeon.
             The game lasted 00:00:11 (361 turns).

qw the Sneak (Ghoul Enchanter)                       Turns: 361, Time: 00:00:11

Health: 0/15       AC:  2    Str: 11    XL:     1   Next: 90%
Magic:  2/2        EV: 12    Int: 10    God:
Gold:   15         SH:  0    Dex:  9    Spells: 3/3 levels left

rFire   . . .      SeeInvis .   e - +0 short sword
rCold   + . .      Faith    .   (no shield)
rNeg    + + +      Spirit   .   b - +0 robe
rPois   inf        Reflect  .   (no helmet)
rElec   .          Harm     .   (no cloak)
rCorr   .          Rampage  .   (no gloves)
Will    .....                   (no boots)
Stlth   ++........              (no amulet)
HPRegen 0.00/turn               (no ring)
MPRegen 0.08/turn               (no ring)

@: inhibited regen
A: claws 1, cold resistance 1, negative energy resistance 3, inhibited
regeneration, torment resistance 2, devour on kill
a: no special abilities


You were on level 1 of the Dungeon.
You visited 1 branch of the dungeon, and saw 1 of its levels.

You collected 15 gold pieces.


Innate Abilities, Weirdness & Mutations

You are immune to poison.
You have sharp fingernails.
Your flesh is cold resistant. (rC+)
You are immune to negative energy. (rN+++)
You do not regenerate when monsters are visible.
You are immune to unholy pain and torment.
You thrive by killing the living.


   Skills:
 + Level 0.7 Fighting
 - Level 0.8 Short Blades
 - Level 1.0 Axes
 - Level 1.7 Dodging
 - Level 3.2 Stealth
 - Level 1.7 Spellcasting
 - Level 2.4 Hexes


You had 3 spell levels left.
You didn't know any spells.
Your spell library contained the following spells:

 Spells                   Type           Power      Damage    Failure   Level
 Ensorcelled Hibernation  Hex/Ice        6%         N/A       30%         2
 Confusing Touch          Hex            5%         N/A       34%         3
 Tukima's Dance           Hex            5%         N/A       34%         3
 Dazzling Flash           Conj/Hex       6%         N/A       52%         3

Inventory:

Hand Weapons
 e - a +0 short sword (weapon)
Armour
 b - a +0 robe (worn)
Scrolls
 d - 2 scrolls of butterflies {unknown}
Potions
 c - 2 potions of invisibility

Dungeon Overview and Level Annotations

Branches:
Dungeon (1/15)

Altars:
Jiyva

Annotations:
D:1 2 runed translucent doors


Message History

Found 16 gold pieces and a scroll labelled ARHOSHR APRION.
You hit the kobold.
The kobold is severely wounded.
The kobold barely misses you.
You hit the kobold but do no damage.
The kobold is severely wounded.
The kobold hits you with a +0 short sword.
You closely miss the kobold.
The kobold is severely wounded.
The kobold hits you with a +0 short sword.
You closely miss the kobold.
The kobold is severely wounded.
The kobold closely misses you.
You closely miss the kobold.
The kobold is heavily wounded.
The kobold barely misses you.
You miss the kobold.
The kobold is heavily wounded.
The bat misses you. The kobold closely misses you. The bat misses you.
354 ||| Stepping ~*~*~tactically~*~*~ (outnumbered).
The kobold attacks as you move away!
The kobold hits you with a +0 short sword.
The bat attacks as you move away! The bat barely misses you. The bat hits you.
The bat hits you.
You hit the bat but do no damage. The bat hits you but does no damage.
The kobold throws a stone.
The stone closely misses you. The bat misses you.
You barely miss the kobold.
The kobold is heavily wounded.
The bat misses you. The kobold completely misses you.
You hit the kobold.
You kill the kobold!
The bat misses you.
You hit the bat.
The bat is severely wounded.
The bat hits you. The bat hits you.
You die...

...######.#..........
...........#...#######
...........#...#....
..........#)..#...K##
.........%....#.JJr#.
#+#.......#...#.JJJ+.
#.........#...#.KJg+.
#####.#......##...#..JJ#.
$......b@....##...#..lJ##
.......)#######...#.lJ.
..........# #...####
..........+ #.... .
.........$# ##
........... ######.....#
#.....? #.......


You could see a bat.

Vanquished Creatures
  A quokka (D:1)
  A ball python (D:1)
  A bat (D:1)
  2 kobolds (D:1)
  2 rats (D:1)
7 creatures vanquished.

Notes
Turn   | Place    | Note
-------+----------+-------------------------------------------
     0 | D:1      | qw the Ghoul Enchanter began the quest for the Orb.
     0 | D:1      | Reached XP level 1. HP: 14/14 MP: 2/2
     0 | D:1      | 0 ||| qw: Version: 0.1-a-108-g9e35731
     0 | D:1      | 0 ||| qw: Game counter: 6238
     0 | D:1      | 0 ||| qw: Always use a shield: true
     0 | D:1      | 0 ||| qw: God list: Okawaru
     0 | D:1      | 0 ||| qw: Allow faded altars: false
     0 | D:1      | 0 ||| qw: Do Orc after D:15 true
     0 | D:1      | 0 ||| qw: Do second Lair branch before Depths: true
     0 | D:1      | 0 ||| qw: Lair rune preference: random
     0 | D:1      | 0 ||| qw: Plans: Normal
     0 | D:1      | 0 ||| PLANNING D:1-11
   154 | D:1      | Found a large runed translucent door.
   154 | D:1      | Found a large runed translucent door.
   156 | D:1      | Found a viscous altar of Jiyva.
   156 | D:1      | Noticed a jelly
   156 | D:1      | Noticed a jelly
   156 | D:1      | Noticed a jelly
   156 | D:1      | Noticed a jelly
   157 | D:1      | Noticed a jelly
   157 | D:1      | Noticed a jelly
   157 | D:1      | Noticed a jelly
   287 | D:1      | 287 ||| SWAPPING to +0 short sword.
   297 | D:1      | 297 ||| DROPPING +1 dagger.
   304 | D:1      | Reached skill level 1 in Axes
   354 | D:1      | 354 ||| Stepping ~*~*~tactically~*~*~ (outnumbered).
   354 | D:1      | HP: 3/14 [bat (1)]
   360 | D:1      | HP: 1/15 [bat (1)]
   361 | D:1      | Slain by a bat

Levels and vault maps discovered:
D:1:      erik_arrival_cave_to_civilisation [erik_arrival_cave_to_temple],
          layout_basic

Skill      XL: |  1 |
---------------+----+-----
Axes           | 1 |  1.0
Fighting       | |  0.7
Short Blades   | |  0.8
Dodging        | |  1.7
Stealth        | |  3.2
Spellcasting   | |  1.7
Hexes          | |  2.4

Action                   || total
-------------------------++-------
Melee: Short sword       ||    16
       Dagger            ||    12
       Punch             ||     1
Armor: Robe              ||     3
Dodge: Dodged            ||    30

Table legend:
 A = Non-vault XP
 B = Vault XP
 C = Vault XP percentage of total XP
 D = Non-vault monster count
 E = Vault monster count
 F = Vault count percentage of total count
                 A         B        C        D         E       F
            +---------+---------+-------+---------+---------+-------
      Total |       6 |       3 |  33.3 |       5 |       2 |  28.6
            +---------+---------+-------+---------+---------+-------
        D:1 |       6 |       3 |  33.3 |       5 |       2 |  28.6
            +---------+---------+-------+---------+---------+-------
